 Dungeon Crawl Stone Soup version 0.29-a0-350-g7790a0e70a (webtiles) character file.

Game seed: 17925876668828097855

674 spaghetti the Insei (level 7, -3/44 (46) HPs)
             Began as a Demonspawn Fire Elementalist on Apr 23, 2022.
             Killed from afar by an orc wizard (8 damage)
             ... with a puff of flame
             ... on level 4 of the Dungeon.
             The game lasted 00:12:01 (6000 turns).

spaghetti the Insei (Demonspawn Fire Elementalist)  Turns: 6000, Time: 00:12:01

HP:   -3/44 (46)    AC:  2    Str:  9    XL:     7   Next: 33%
MP:   11/11         EV: 12    Int: 18    God:
Gold: 214           SH:  0    Dex: 13    Spells: 5/12 levels left

rFire   . . .      SeeInvis +     - Unarmed
rCold   . . .      Faith    .   (no shield)
rNeg    . . .      Spirit   .   a - +0 robe
rPois   +          Reflect  .   (helmet restricted)
rElec   .          Harm     .   (no cloak)
rCorr   .          Rampage  .   (no gloves)
Will    .....                   (no boots)
Stlth   +.........              C - amulet of magic regeneration {@e2}
HPRegen 0.94/turn               d - ring of see invisible
MPRegen 0.52/turn               E - ring of poison resistance

@: confused, flying, very slightly contaminated, lightly drained
A: horns 2, icemail 1, condensation shield, talons 1, regeneration 1
a: no special abilities


You were on level 4 of the Dungeon.
You visited 1 branch of the dungeon, and saw 5 of its levels.

You collected 214 gold pieces.


Innate Abilities, Weirdness & Mutations

You have a pair of horns on your head.
A meltable icy envelope protects you from harm. (AC +0)
A meltable shield of frost defends you. (SH +0)
You have sharp toenails.
Your natural rate of healing is unusually fast.


   Skills:
 - Level 2.0 Dodging
 - Level 1.7 Stealth
 * Level 4.8 Unarmed Combat
 - Level 3.1 Spellcasting
 - Level 1.0 Conjurations
 - Level 3.0 Hexes
 + Level 2.9 Transmutations
 - Level 3.0 Fire Magic


You had 5 spell levels left.
You knew the following spells:

 Your Spells              Type           Power      Damage    Failure   Level
a - Foxfire               Conj/Fire      40%        2x1d6     7%          1
b - Inner Flame           Hex/Fire       13%        N/A       14%         3
c - Spider Form           Tmut/Pois      8%         N/A       26%         3

Your spell library contained the following spells:

 Spells                   Type           Power      Damage    Failure   Level
 Scorch                   Fire           26%        2d6       7%          2
 Ensorcelled Hibernation  Hex/Ice        16%        N/A       13%         2
 Conjure Flame            Conj/Fire      10%        6-21      22%         3
 Blink                    Tloc           4%         N/A       24%         2
 Flame Wave               Conj/Fire      10%        2d5       56%         4
 Anguish                  Hex/Necr       4%         N/A       65%         4
 Animate Dead             Necr           1%         N/A       85%         4
 Borgnjor's Vile Clutch   Necr/Erth      1%         N/A       99%         5
 Manifold Assault         Tloc           2%         N/A       99%         5
 Death Channel            Necr           1%         N/A       100%        6
 Storm Form               Tmut/Air       4%         N/A       100%        7

Inventory:

Hand Weapons
 h - a +0 whip {mace}
   (You found it on level 1 of the Dungeon)
 i - a +0 short sword {short}
   (You found it on level 1 of the Dungeon)
 l - a +0 spear {polearm}
   (You found it on level 2 of the Dungeon)
 n - a +0 club {mace}
   (You found it on level 2 of the Dungeon)
 o - a +0 club {mace}
   (You took it off a goblin on level 2 of the Dungeon)
 p - a +0 short sword {short}
   (You took it off a kobold on level 2 of the Dungeon)
 q - a +0 dagger {short}
   (You took it off a goblin on level 2 of the Dungeon)
 s - a +0 hunting sling {sling}
   (You took it off a goblin on level 2 of the Dungeon)
 t - a +0 whip {mace}
   (You took it off a goblin on level 2 of the Dungeon)
 v - a +0 club {mace}
   (You found it on level 2 of the Dungeon)
 y - a +0 whip {mace}
   (You found it on level 3 of the Dungeon)
 F - a +0 dagger {short}
   (You took it off a goblin on level 3 of the Dungeon)
 G - a +0 dagger {short}
   (You took it off an orc on level 3 of the Dungeon)
 H - a +0 dagger {short}
   (You found it on level 3 of the Dungeon)
 J - a +0 war axe {axe}
   (You took it off an orc on level 3 of the Dungeon)
 L - a +0 hand axe {axe}
   (You found it on level 3 of the Dungeon)
 M - a +0 hand axe {axe}
   (You took it off an orc on level 4 of the Dungeon)
Missiles
 f - 250 stones {throwing}
 j - 19 poisoned darts {throwing}
 D - 6 javelins {throwing}
 K - a boomerang of dispersal {=f!fthrowing}
 N - 5 datura-tipped darts {throwing}
Armour
 a - a +0 robe (worn)
Jewellery
 d - a ring of see invisible (left hand)
   (You found it on level 1 of the Dungeon)
 C - an amulet of magic regeneration (around neck) {@e2}
   (You found it on level 4 of the Dungeon)
 E - a ring of poison resistance (right hand)
   (You found it on level 3 of the Dungeon)
Wands
 O - a wand of acid (5)
   (You found it on level 4 of the Dungeon)
Scrolls
 b - a scroll of acquirement {unknown}
 c - 4 scrolls of identify {unknown}
 e - a scroll of blinking {unknown}
 g - a scroll of teleportation {unknown}
 k - a scroll of enchant weapon {unknown}
 r - 2 scrolls of fear {unknown}
 I - 2 scrolls of vulnerability {unknown}
 P - a scroll of magic mapping {unknown}
Potions
 w - a potion of lignification {!q}
 A - 2 potions of haste {@q3}
 B - a potion of berserk rage {unknown}
 Q - a potion of cancellation {unknown}

Dungeon Overview and Level Annotations

Branches:
Dungeon (5/15)
 Temple: D:4-7

Altars:
Hepliaklqana

### ###
..#############################..
..#...................#.......#..
..#.............o)....#.......#..
..#............o@o....#.......#..
..'...................'.......#..
..#...................#.......#..
..###....######################..
...<#....###..##........>........
....#......'...#.................
....#......#...'.................
....#......#...#.................
....#......#...#.................


You could see an orc wizard and 2 orcs.


Message History

You climb downwards.
The orc barely misses you. The orc misses you. x2
There is a stone staircase leading up here. 😎 HP[+1]
Your hp is fully restored (44).
Casting: Foxfire (safe; 7% risk of failure)
Confirm with . or Enter, or press ? or * to list all spells.
You conjure some foxfire!
You block the orc's attack.
The orc hits you with a +0 club. 😕 HP[-3] MP[-1]
You take 3 damage, and now have 41/44 hp.
You lost 1 mp, and now have 10/11 mp.
Casting: Foxfire (safe; 7% risk of failure)
Confirm with . or Enter, or press ? or * to list all spells.
There is not enough space to conjure foxfire!
You hit the orc but do no damage. Your headbutt misses the orc.
The foxfire hits the orc.
The orc hits you but does no damage. The orc barely misses you. 😕 MP[+1]
Your mp is fully restored (11).
You hit the orc wizard. The orc closely misses you. The orc barely misses you.
The orc wizard barely misses you.
You hit the orc wizard but do no damage.
You punch the orc wizard. The orc hits you with a +0 club.
The orc hits you with a +0 dagger.
The orc wizard hits you with a +0 dagger. 😕 HP[-5]
You take 5 damage, and now have 36/44 hp.
You hit the orc wizard. The orc hits you with a +0 club.
The orc barely misses you.
The orc wizard closely misses you. 😮 HP[-3]
You take 3 damage, and now have 33/44 hp.
You hit the orc wizard but do no damage.
The orc barely misses you. You block the orc's attack.
The orc wizard casts a spell at you. The puff of flame hits you!
Your icy defenses dissipate! 😮 HP[-10]
You take 10 damage, and now have 23/44 hp.
MASSIVE DAMAGE!! (PAUSE)
You closely miss the orc wizard.
You hit the orc wizard but do no damage.
Your headbutt misses the orc wizard. The orc barely misses you.
The orc wizard points at you and mumbles some strange words.
The puff of flame hits you.
* * * LOW HITPOINT WARNING * * *
The orc hits you but does no damage. 😨 HP[-5]
You take 5 damage, and now have 18/44 hp.
Unknown command.
Casting: Foxfire (safe; 7% risk of failure)
Confirm with . or Enter, or press ? or * to list all spells.
There is not enough space to conjure foxfire!
(D) Dungeon
Where to? (Enter - D:5, ? - help)
There are monsters nearby!
The orc wizard closely misses you. The orc misses you.
The orc closely misses you.
You climb upwards.
There is a stone staircase leading down here.
Casting: Foxfire (safe; 7% risk of failure)
Confirm with . or Enter, or press ? or * to list all spells.
You conjure some foxfire!
The orc misses you. The orc closely misses you.
The orc wizard hits you but does no damage. 😨 MP[-1]
You lost 1 mp, and now have 10/11 mp.
Casting: Foxfire (safe; 7% risk of failure)
Confirm with . or Enter, or press ? or * to list all spells.
You miscast Foxfire.
You are very lightly contaminated with residual magic.
Nothing appears to happen.
The foxfire hits the orc but does no damage.
The foxfire hits the orc wizard.
The orc wizard gestures at you while chanting.
You are confused.
The orc hits you with a +0 dagger.
* * * LOW HITPOINT WARNING * * *
The orc hits you with a +0 club.
* * * LOW HITPOINT WARNING * * *
😱 HP[-7]
You take 7 damage, and now have 11/44 hp.
Unknown command.
Unknown command.
You're too confused to cast spells.
It was a potion of mutation.
You feel extremely strange.
Your toenails lengthen and sharpen.
You begin to heal more quickly.
The orc closely misses you. The orc hits you with a +0 dagger.
* * * LOW HITPOINT WARNING * * *
The orc wizard gestures at you while chanting.
The magic dart hits you.
* * * LOW HITPOINT WARNING * * *
😱 HP[-6]
You take 6 damage, and now have 5/44 hp.
It was a potion of flight.
You feel very buoyant.
You fly up into the air.
The orc hits you with a +0 club.
* * * LOW HITPOINT WARNING * * *
The orc closely misses you.
The orc wizard gestures at you while chanting.
The puff of flame hits you!
You die...

Skill      XL: |  1  2  3  4  5  6 |
---------------+-------------------+-----
Unarmed Combat | 1 2 3 4 |  4.8
Spellcasting   | 3 |  3.1
Dodging        | 2 |  2.0
Hexes          | 2 3 |  3.0
Fire Magic     | 3 |  3.0
Transmutations | 1 2 |  2.9
Stealth        | |  1.7
Conjurations   | |  1.0

Action                   |  1- 3 |  4- 6 |  7- 9 || total
-------------------------+-------+-------+-------++-------
Melee: Unarmed           |    22 |    36 |    58 ||   116
       Headbutt          |       |     7 |    12 ||    19
       Punch             |       |       |     1 ||     1
Throw: Dart              |     5 |       |       ||     5
 Cast: Foxfire           |    77 |   119 |     6 ||   202
Evoke: Wand              |       |     3 |       ||     3
  Use: Potion            |     3 |     1 |     5 ||     9
 Stab: Distracted        |     1 |       |       ||     1
Armor: Robe              |    17 |    11 |    23 ||    51
       Skin              |       |       |     3 ||     3
Dodge: Dodged            |    30 |    55 |    44 ||   129
Block: Other             |     8 |    17 |     9 ||    34

Levels and vault maps discovered:
D:1:      psy_arrival_radial01, layout_basic, kennysheep_crisscross,
          minmay_small_reverse_x
D:2:      layout_rooms, shapermc_ecumenical_altar_acropolis,
          kennysheep_generic_room_5
D:3:      layout_basic
D:4:      minmay_spotlight, layout_gridville, mainiacjoe_overflow_tiny_flanked,
          serial_undead, serial_undead_a, serial_undead_d, serial_undead_c,
          serial_undead_b, serial_undead_c, serial_undead_a
D:5:      layout_cave_pools, minmay_temple_entry_statues_fountains,
          gammafunk_ghost_grave, serial_shops, nicolae_stop_n_shop_2

Notes
Turn   | Place    | Note
-------+----------+-------------------------------------------
     0 | D:1      | spaghetti the Demonspawn Fire Elementalist began the quest
                  | for the Orb.
     0 | D:1      | Reached XP level 1. HP: 13/13 MP: 3/3
     0 | D:1      | magus.rc [v1.9.6]
   388 | D:1      | Gained mutation: A meltable shield of frost defends you.
                  | (SH +0) [demonic ancestry]
   388 | D:1      | Reached XP level 2. HP: 13/19 MP: 1/5
   397 | D:1      | You pick up a book of Dreams and begin reading...
   397 | D:1      | You add the spells Ensorcelled Hibernation, Spider Form and
                  | Anguish to your library.
   405 | D:1      | You add the spells Blink, Manifold Assault and Storm Form
                  | to your library.
   913 | D:1      | Reached skill level 1 in Unarmed Combat
  1305 | D:2      | Gained mutation: You have a pair of small horns on your
                  | head. [demonic ancestry]
  1305 | D:2      | Reached XP level 3. HP: 22/24 MP: 0/7
  1542 | D:2      | Reached skill level 3 in Spellcasting
  1761 | D:2      | Found a faded altar of an unknown god.
  1938 | D:2      | Reached skill level 2 in Dodging
  1938 | D:2      | Reached skill level 2 in Unarmed Combat
  2044 | D:2      | You pick up a book of Unlife and begin reading...
  2044 | D:2      | You add the spells Animate Dead, Borgnjor's Vile Clutch and
                  | Death Channel to your library.
  2127 | D:2      | Gained mutation: You have a pair of horns on your head.
                  | [demonic ancestry]
  2127 | D:2      | Reached XP level 4. HP: 30/30 MP: 0/8
  2716 | D:3      | Noticed a necrophage
  2726 | D:3      | Killed a necrophage
  2727 | D:3      | Reached skill level 2 in Hexes
  2727 | D:3      | Reached skill level 3 in Fire Magic
  2727 | D:3      | Reached XP level 5. HP: 23/35 MP: 2/9
  2885 | D:3      | Learned a level 3 spell: Inner Flame
  3600 | D:4      | Noticed a centaur
  3604 | D:4      | HP: 6/35 [centaur/arrow (11)]
  4068 | D:4      | Reached skill level 3 in Hexes
  4314 | D:4      | Killed a centaur
  4315 | D:4      | Reached skill level 1 in Transmutations
  4318 | D:4      | Reached skill level 3 in Unarmed Combat
  4318 | D:4      | Reached XP level 6. HP: 19/41 MP: 1/10
  4755 | D:4      | HP: 6/41 [acid (10)]
  4759 | D:4      | Reached skill level 2 in Transmutations
  4845 | D:4      | Learned a level 3 spell: Spider Form
  4894 | D:4      | Found a hazy altar of Hepliaklqana.
  4902 | D:4      | Reached skill level 4 in Unarmed Combat
  5023 | D:4      | Gained mutation: A meltable icy envelope protects you from
                  | harm. (AC +0) [demonic ancestry]
  5023 | D:4      | Reached XP level 7. HP: 14/46 MP: 11/11
  5893 | D:5      | Entered Level 5 of the Dungeon
  5998 | D:4      | HP: 11/44 [orc/+0 club (5)]
  5999 | D:4      | Gained mutation: You have sharp toenails. [potion of
                  | mutation]
  5999 | D:4      | Gained mutation: Your natural rate of healing is unusually
                  | fast. [potion of mutation]
  5999 | D:4      | HP: 5/44 [orc wizard/magic dart (5)]
  6000 | D:4      | Killed from afar by an orc wizard

Vanquished Creatures
  A centaur (D:4)
  2 necrophages
  2 jellies (D:4)
  2 hounds (D:4)
  2 centaur skeletons (D:4)
  4 scorpion zombies (D:4)
  2 hound zombies (D:4)
  A hound skeleton (D:4)
  A howler monkey zombie (D:4)
  4 adders
  An ufetubus (D:4)
  2 adder zombies (D:4)
  2 worms
  A dart slug (D:1)
  9 orcs
  3 bats
  12 endoplasms
  2 giant cockroaches (D:1)
  5 goblins
  7 hobgoblins
  5 jackals
  A quokka (D:1)
  7 ball pythons
  2 frilled lizards
  3 kobolds
  A quokka zombie (D:4)
  5 rats
89 creatures vanquished.

Vanquished Creatures (collateral kills)
  A foxfire (D:2)
1 creature vanquished.

Vanquished Creatures (others)
  337 foxfires
  A fungus (D:2)
  3 plants (D:2)
  2 withered plants (D:4)
343 creatures vanquished.

Grand Total: 433 creatures vanquished

Table legend:
 A = Non-vault XP
 B = Vault XP
 C = Vault XP percentage of total XP
 D = Non-vault monster count
 E = Vault monster count
 F = Vault count percentage of total count
                 A         B        C        D         E       F
            +---------+---------+-------+---------+---------+-------
      Total |     584 |     379 |  39.4 |      65 |      24 |  27.0
            +---------+---------+-------+---------+---------+-------
        D:1 |      23 |       8 |  25.8 |      13 |       4 |  23.5
        D:2 |      71 |       4 |   5.3 |      19 |       2 |   9.5
        D:3 |     106 |       0 |   0.0 |      14 |       0 |   0.0
        D:4 |     384 |     367 |  48.9 |      19 |      18 |  48.6
            +---------+---------+-------+---------+---------+-------

Illustrated notes

Table legend:
 A = Kills in this place as a percentage of kills in entire the game.
 B = Kills by you in this place as a percentage of kills by you in the entire game.
 C = Kills by friends in this place as a percentage of kills by friends in the entire game.
 D = Other kills in this place as a percentage of other kills in the entire game.
 E = Experience gained in this place as a percentage of experience gained in the entire game.
 F = Experience gained in this place divided by the number of levels of this place that you have seen.
                   A       B       C       D       E      F
               +-------+-------+-------+-------+-------+----------------------
         Total | 100.0 | 100.0 |   N/A |   N/A | 100.0 | 192.6
       Dungeon | 100.0 | 100.0 |   N/A |   N/A | 100.0 | 192.6
               +-------+-------+-------+-------+-------+----------------------

Table legend: (Time is in decaauts)
 A = Elapsed time spent in this place.
 B = Non-inter-level travel time spent in this place.
 C = Inter-level travel time spent in this place.
 D = Time resting spent in this place.
 E = Time spent auto-exploring this place.
 F = Levels seen in this place.
 G = Mean time per level.
                   A        B        C        D        E       F      G
               +--------+--------+--------+--------+--------+-----+--------+
         Total |   5975 |   5770 |    205 |   1247 |   3763 |   5 | 1195.0 |
       Dungeon |   5975 |   5770 |    205 |   1247 |   3763 |   5 | 1195.0 |
               +--------+--------+--------+--------+--------+-----+--------+

Top non-repeatable levels by time:
     D:4: 2128 daAuts
     D:3: 1421 daAuts
     D:1: 1252 daAuts
     D:2: 1158 daAuts
     D:5: 14 daAuts
